Map: 赛博森林-天梯版

Players

Toodming

  • Race: Zerg Zerg
  • League: Gold

Dark - Winner!

  • Race: Zerg Zerg
  • League: Gold

Event: WESG 2018 Grand Finals

VOD

Have the link to the VOD?

Description

Time

  • Played on: March 13, 2019, 3:52 a.m.
  • Length: 14:00

All games in this series

Show
View Real Time Build Order
Export as new Build Order

Toodming Zerg 

Build Orders: Pool First, Roach Nydus 

Get SALT Encoding   

  12  0:00  Drone  
  13  0:12  Overlord  
  13  0:16  Drone  
  14  0:31  Drone x2  
  16  0:41  Spawning Pool  
  15  0:46  Drone  
  15  0:48  Drone  
  17  1:10  Hatchery  
  16  1:12  Drone  
  17  1:26  Extractor  
  17  1:28  Zergling x4  
  17  1:29  Zergling x2  
  19  1:33  Queen  
  21  1:40  Overlord  
  21  1:50  Drone  
  22  2:01  Drone  
  23  2:09  Queen  
  23  2:13  Drone  
  26  2:21  Queen  
  29  2:22  Drone  
  29  2:23  Drone  
  30  2:32  Drone  
  30  2:34  Drone  
  32  2:42  Drone x3  
  32  2:44  Overlord  
  35  2:46  Drone  
  35  2:54  Lair  
  35  3:05  Evolution Chamber, Drone x3  
  38  3:11  Drone  
  38  3:15  Roach Warren  
  37  3:21  Evolution Chamber  
  36  3:27  Drone x2  
  36  3:33  Drone  
  39  3:38  Spine Crawler  
  39  3:39  Overlord x2, Extractor  
  43  3:55  Roach x3  
  43  4:00  Overlord  
  43  4:04  Roach x2  
  43  4:05  Roach  
  49  4:12  Overlord  
  49  4:19  Overlord  
  49  4:21  Drone  
  50  4:25  Roach  
  50  4:28  Roach  
  54  4:36  Overlord  
  54  4:38  Zerg Missile Weapons Level 1, Drone  
  54  4:39  Drone x2  
  57  4:48  Queen x2  
  61  4:56  Nydus Network  
  60  5:06  Overlord  
  60  5:07  Roach  
  60  5:08  Roach  
  60  5:09  Roach  
  66  5:14  Roach  
  66  5:15  Roach  
  70  5:32  Nydus Canal  
  70  5:35  Overlord  
  70  5:39  Roach x3  
  76  5:43  Drone x2  
  76  5:44  Extractor  
  77  5:52  Roach x2  
  81  6:02  Nydus Canal  
  81  6:03  Roach  
  83  6:05  Roach  
  85  6:12  Overlord  
  85  6:13  Roach  
  85  6:14  Roach  
  89  6:24  Nydus Canal  
  85  6:29  Roach  
  83  6:34  Roach  
  61  6:48  Drone x5  
  63  7:02  Drone x2  
  63  7:05  Roach  
  63  7:19  Glial Reconstitution  
  63  7:24  Overlord  
  63  7:25  Drone x5  
  68  7:35  Nydus Canal  
  68  7:36  Roach x5  
  78  7:43  Queen  
  80  7:46  Roach x2  
  80  7:51  Hatchery  
  83  7:58  Roach x3  
  83  8:04  Roach  
  83  8:05  Roach x3  
  85  8:07  Roach  
  81  8:13  Roach x2  
  67  8:31  Zerg Missile Weapons Level 2  
  67  8:33  Drone x3  
  64  8:35  Roach x2  
  68  8:42  Queen  
  68  8:45  Roach x2, Overseer  
  74  8:51  Roach  
  74  8:59  Roach x2  
  74  9:02  Roach x2  
  74  9:05  Nydus Canal  
  66  9:12  Roach x3  
  66  9:16  Overlord  
  74  9:17  Roach  
  74  9:21  Roach  
  74  9:22  Roach  
  78  9:27  Roach  
  78  9:28  Roach  
  78  9:34  Nydus Canal  
  78  9:37  Queen  
  80  9:41  Drone  
  80  9:43  Roach x2  
  85  9:47  Roach x2  
  89  9:55  Roach x3  
  97  10:00  Roach  
  97  10:03  Roach  
  97  10:05  Roach  
  101  10:12  Nydus Canal  
  103  10:14  Roach  
  103  10:27  Roach  
  103  10:28  Roach x3  
  93  10:31  Roach, Drone  
  93  10:32  Drone x4  
  96  10:36  Extractor  
  96  10:37  Roach  
  97  10:44  Drone  
  97  10:45  Drone x4  
  102  10:51  Zerg Ground Armor Level 1  
  102  10:57  Roach x2  
  102  11:00  Roach  
  102  11:03  Roach  
  110  11:06  Roach  
  110  11:09  Roach  
  114  11:15  Roach  
  116  11:22  Overlord  
  116  11:24  Drone  
  121  11:25  Roach x2  
  121  11:26  Roach x3  
  121  11:28  Roach  
  121  11:32  Roach x2  
  133  11:42  Roach x2  
  133  11:44  Overlord  
  137  11:48  Overlord  
  137  11:49  Overlord x3  
  137  11:59  Overlord  
  115  12:09  Roach x11  
  115  12:11  Roach  
  129  12:17  Roach x2  
  129  12:21  Roach x3  
  137  12:23  Roach  
  137  12:28  Roach  
  141  12:30  Roach  
  141  12:32  Roach x2  
  141  12:39  Roach  
  141  12:43  Roach  
  123  12:46  Roach  
  123  12:47  Roach x3  
  123  12:48  Roach  
  123  12:50  Roach  
  121  12:53  Roach  
  121  12:55  Roach x2  
  129  12:58  Roach  
  129  13:02  Roach  
  129  13:03  Roach  
  129  13:04  Roach  
  135  13:06  Roach  
  135  13:09  Roach  
  135  13:11  Roach  
  141  13:19  Roach x3  
  129  13:20  Roach  
  129  13:25  Roach  
  109  13:27  Roach  
  109  13:28  Roach  
  109  13:29  Roach  
  109  13:32  Roach  
  101  13:34  Roach  
  101  13:37  Roach  
  101  13:38  Roach  
Show
View Real Time Build Order
Export as new Build Order

Dark Zerg - Winner!

Build Orders: Hatch First 

Get SALT Encoding   

  12  0:00  Drone  
  13  0:12  Overlord  
  13  0:17  Drone  
  14  0:31  Drone x2  
  16  0:36  Drone  
  17  0:53  Hatchery  
  17  0:55  Drone  
  17  0:59  Drone  
  18  1:09  Extractor  
  17  1:13  Spawning Pool  
  17  1:15  Drone  
  17  1:18  Drone  
  18  1:28  Drone  
  19  1:39  Drone  
  20  1:50  Overlord  
  20  2:01  Zergling x2  
  21  2:04  Queen x2  
  21  2:05  Zergling x2  
  26  2:09  Metabolic Boost  
  26  2:11  Zergling x2  
  27  2:19  Zergling x2  
  28  2:34  Overlord  
  28  2:36  Drone x2  
  28  2:37  Drone  
  31  2:44  Baneling Nest  
  31  2:47  Drone  
  31  3:04  Zergling x6  
  34  3:06  Zergling x2  
  34  3:07  Hatchery  
  34  3:12  Zergling x2  
  35  3:18  Zergling x8  
  39  3:24  Zergling x4  
  41  3:36  Overlord  
  41  3:37  Drone x2  
  41  3:38  Drone  
  44  3:49  Overlord, Evolution Chamber  
  43  3:56  Drone x2  
  43  3:57  Drone x2  
  43  4:00  Drone  
  48  4:06  Queen  
  50  4:11  Drone x2  
  50  4:13  Baneling x2  
  52  4:20  Zerg Ground Armor Level 1  
  52  4:22  Drone  
  53  4:24  Drone  
  53  4:27  Drone  
  53  4:29  Drone  
  56  4:37  Drone x2  
  58  4:41  Drone x2, Extractor  
  59  4:49  Drone x2  
  61  4:53  Drone  
  61  4:54  Roach Warren  
  61  4:55  Overlord  
  61  4:59  Overlord  
  61  5:03  Drone x3, Extractor  
  63  5:08  Drone  
  63  5:09  Overlord x2  
  63  5:11  Overlord  
  64  5:33  Baneling x2  
  64  5:34  Roach x8, Zergling x2  
  81  5:46  Zergling x12  
  87  5:50  Zergling x2  
  87  5:51  Zergling x2  
  87  5:55  Ravager x2  
  92  5:58  Overlord  
  92  6:07  Baneling x4  
  92  6:08  Overlord x2, Baneling  
  91  6:23  Zergling x10  
  91  6:24  Zergling x6  
  89  6:27  Roach  
  86  6:39  Roach x2  
  74  6:50  Drone x3  
  74  6:51  Drone  
  74  6:52  Drone  
  75  7:02  Drone  
  75  7:04  Drone  
  75  7:07  Baneling x2  
  75  7:10  Roach  
  75  7:14  Roach  
  79  7:16  Zerg Missile Weapons Level 1  
  79  7:19  Lair  
  79  7:20  Roach  
  78  7:32  Hatchery  
  78  7:33  Drone x2  
  79  7:40  Roach  
  79  7:42  Roach  
  83  7:46  Roach  
  77  8:00  Roach x3  
  77  8:01  Roach x2  
  71  8:08  Roach  
  71  8:12  Drone x2  
  68  8:13  Drone x2  
  62  8:24  Drone x3  
  62  8:25  Drone  
  66  8:34  Roach x3  
  66  8:35  Glial Reconstitution  
  66  8:36  Roach  
  66  8:37  Roach  
  76  8:46  Roach  
  75  8:56  Drone x2  
  75  8:59  Roach  
  75  9:01  Roach  
  69  9:10  Roach  
  69  9:11  Roach  
  69  9:13  Zerg Missile Weapons Level 2  
  69  9:16  Roach x2  
  78  9:17  Zergling x2  
  78  9:21  Roach  
  78  9:23  Roach, Queen x2  
  86  9:29  Drone  
  81  9:44  Drone x2  
  81  9:45  Roach x5  
  93  9:48  Roach  
  93  9:52  Roach  
  97  9:56  Overlord  
  97  10:02  Overlord  
  97  10:11  Overlord x3  
  97  10:12  Ravager  
  98  10:16  Roach x3  
  98  10:20  Roach  
  106  10:27  Roach x3  
  106  10:28  Roach  
  106  10:36  Drone x2  
  106  10:38  Overseer, Drone  
  109  10:43  Drone x3  
  109  10:45  Ravager  
  109  10:46  Ravager, Drone x2  
  109  10:47  Drone  
  117  10:55  Drone x3  
  120  10:57  Drone  
  121  11:05  Extractor x2  
  121  11:11  Drone  
  120  11:12  Roach x3, Extractor  
  120  11:15  Roach  
  120  11:16  Roach x3  
  133  11:20  Overlord  
  133  11:21  Ravager  
  133  11:24  Ravager  
  135  11:28  Drone x3  
  132  11:43  Overlord x2  
  132  11:44  Roach x6  
  144  11:49  Roach  
  146  12:07  Roach x2  
  140  12:09  Hatchery  
  140  12:11  Roach x4  
  140  12:13  Roach x2  
  140  12:14  Roach  
  153  12:16  Roach  
  153  12:18  Roach  
  157  12:24  Roach  
  157  12:25  Roach  
  137  12:46  Roach x7  
  137  12:47  Roach x2  
  137  12:49  Roach x2  
  137  12:50  Roach  
  150  12:56  Ravager  
  150  12:57  Ravager x3, Overseer  
  154  13:01  Roach x3  
  160  13:07  Overlord x2  
  160  13:18  Roach x3  
  154  13:24  Roach x2  
  154  13:25  Roach x3  
  144  13:27  Roach  
  144  13:32  Roach x2  
  135  13:36  Roach  
  135  13:38  Roach  
Tags
 
Add a new tag
Caveats
  • Supply blocks, unpowered buildings, or Contaminate may cause inaccurate times.
  • Supply counts are checked every 10 seconds.